 Dungeon Crawl Stone Soup version 0.30-a0-165-g1891117ce2 (webtiles) character file.

Game seed: 962773923810478232

47 ragingrage the Sneak (level 3, -5/21 HPs)
             Began as a Kobold Brigand on Sept 28, 2022.
             Slain by a gnoll
             ... wielding a +0 halberd
              (10 damage)
             ... on level 2 of the Dungeon.
             The game lasted 00:01:17 (2134 turns).

ragingrage the Sneak (Kobold Brigand)               Turns: 2134, Time: 00:01:18

Health: -5/21      AC:  3    Str:  8    XL:     3   Next: 97%
Magic:  3/3        EV: 14    Int: 12    God:
Gold:   19         SH:  0    Dex: 18    Spells: 2/2 levels left

rFire   . . .      SeeInvis .    g - +1 dagger (venom)
rCold   . . .      Faith    .    (no shield)
rNeg    . . .      Spirit   .    b - +0 robe
rPois   .          Reflect  .    (no helmet)
rElec   .          Harm     .    c - +0 cloak
rCorr   .          Rampage  .    (no gloves)
Will    .....                    (no boots)
Stlth   ++++......               (no amulet)
HPRegen 0.07/turn                (no ring)
MPRegen 0.08/turn                (no ring)

@: brilliant
A: small, no large weapons, nightstalker 3
a: no special abilities


You were on level 2 of the Dungeon.
You visited 1 branch of the dungeon, and saw 2 of its levels.

You collected 58 gold pieces.
You spent 39 gold pieces at shops.

Inventory:

Hand Weapons
 g - a +1 dagger of venom (weapon)
Missiles
 d - 9 poisoned darts (quivered)
 e - 3 curare-tipped darts
Armour
 b - a +0 robe (worn)
 c - a +0 cloak (worn)
Jewellery
 a - a +6 ring of intelligence
Scrolls
 f - 4 scrolls of identify {unknown}
 h - a scroll of fog {unknown}
 k - a scroll of enchant armour {unknown}
 l - a scroll of vulnerability {unknown}
 m - a scroll of amnesia {unknown}
 n - a scroll of teleportation
Potions
 j - a potion of magic {unknown}


   Skills:
 - Level 2.1 Fighting
 + Level 3.7 Short Blades
 + Level 3.0 Throwing
 - Level 1.2 Dodging
 + Level 6.0 Stealth


You had 2 spell levels left.
You didn't know any spells.
Your spell library contained the following spells:

 Spells                   Type           Power      Damage    Failure   Level
 Apportation              Tloc           0%         N/A       32%         1


Dungeon Overview and Level Annotations

Branches:
Dungeon (2/15)

Altars:

Shops:
D:1 *


Innate Abilities, Weirdness & Mutations

You are small and have problems with some larger weapons.
You are completely attuned to the shadows.


Message History

Anything else - Cancel.
You shout for attention!
You start waiting.
Found a stone staircase leading down.
There is a stone staircase leading down here.
A goblin is nearby!
The helpless goblin fails to defend itself.
You perforate the goblin like a sieve!!!
You kill the goblin!
No target in view!
Things that are here:
a +0 dagger; a goblin corpse A gnoll is nearby!
A gnoll is nearby!
What are your orders? t - Shout!
Orders for allies: a - Attack new target. r - Retreat! s - Stop attacking. g - Guard the area. f - Follow me.
Anything else - Cancel.
You shout for attention!
The gnoll shouts!
You hear a shout!
A hobgoblin comes into view.
The hobgoblin hits you.
You hit the hobgoblin.
The hobgoblin is severely wounded.
The gnoll barely misses you. The hobgoblin hits you.
The gnoll barely misses you.
You hit the gnoll.
The gnoll is poisoned.
The gnoll is lightly wounded.
The gnoll hits you with a +0 halberd!
Ouch! That really hurt!
* * * LOW HITPOINT WARNING * * *
The hobgoblin misses you.
You barely miss the gnoll.
The gnoll is lightly wounded.
The gnoll misses you. The hobgoblin closely misses you.
It was a potion of brilliance.
You feel clever all of a sudden. The gnoll hits you with a +0 halberd!
You die...

#.#.#......
#.#.g......
.###.#.#......
.....#...#+###
#########.......
#.....###.#.####
#.........#...
#.g##.#########
#.@#......
#.g#......
#..####### #
#......
##.#.#####
...#.###
.......#
####.#.# #.#
#....#.#


You could see a gnoll (very poisoned) and a hobgoblin.

Vanquished Creatures
  2 gnolls
  A dart slug (D:2)
  4 bats
  2 endoplasms (D:1)
  A giant cockroach (D:1)
  A hobgoblin (D:2)
  3 ball pythons
  4 frilled lizards
  4 goblins
  3 kobolds (D:1)
  3 rats (D:1)
28 creatures vanquished.

Notes
Turn   | Place    | Note
-------+----------+-------------------------------------------
     0 | D:1      | ragingrage the Kobold Brigand began the quest for the Orb.
     0 | D:1      | Reached XP level 1. HP: 12/12 MP: 1/1
   306 | D:1      | Reached XP level 2. HP: 17/17 MP: 2/2
   331 | D:1      | Found a faded altar of an unknown god.
   336 | D:1      | Got Plato's Verses on Orientation
   422 | D:1      | You fall into a shaft and drop 1 floor!
   670 | D:1      | Found Voad's General Store.
   960 | D:1      | Reached XP level 3. HP: 21/21 MP: 3/3
  1445 | D:1      | Bought a scroll of teleportation for 39 gold pieces
  1702 | D:1      | Reached skill level 6 in Stealth
  2134 | D:2      | Slain by a gnoll

Illustrated notes

Levels and vault maps discovered:
D:1:      sevenhm_arrival_forest_fort_large_4, layout_basic,
          shapermc_ecumenical_altar_rom_forum, serial_shops, shop,
          kennysheep_small_spiral, chequers_hall_statues_wall_a,
          nicolae_kite_square_tiling_tiny, minmay_misc_feat_encased
D:2:      layout_basic

Skill      XL: |  1  2  3 |
---------------+----------+-----
Short Blades   | 3 |  3.7
Throwing       | 3 |  3.0
Stealth        | 6 |  6.0
Fighting       | |  2.1
Dodging        | |  1.2

Action                   || total
-------------------------++-------
Melee: Dagger            ||    50
       Punch             ||     1
  Use: Potion            ||     1
 Stab: Sleeping          ||    12
Armor: Robe              ||     5
Dodge: Dodged            ||    32

Table legend: (Time is in decaauts)
 A = Elapsed time spent in this place.
 B = Non-inter-level travel time spent in this place.
 C = Inter-level travel time spent in this place.
 D = Time resting spent in this place.
 E = Time spent auto-exploring this place.
 F = Levels seen in this place.
 G = Mean time per level.
                   A        B        C        D        E       F      G
               +--------+--------+--------+--------+--------+-----+--------+
         Total |   2127 |   2020 |    107 |    466 |   1345 |   2 | 1063.5 |
       Dungeon |   2127 |   2020 |    107 |    466 |   1345 |   2 | 1063.5 |
               +--------+--------+--------+--------+--------+-----+--------+

Top non-repeatable levels by time:
     D:1: 1804 daAuts
     D:2: 322 daAuts
